 Dungeon Crawl Stone Soup version 0.31.0-11-ge490571c62 (webtiles) character file.

Game seed: 15294907225537326937

155367 croobank the Lord of Darkness (level 17, -1/128 HPs)
             Began as a Demonspawn Summoner on Jan 26, 2024.
             Was the Champion of Kikubaaqudgha.
             Succumbed to a naga ritualist's toxic radiance
             ... on level 3 of the Snake Pit.
             The game lasted 04:04:51 (33556 turns).

croobank the Lord of Darkness (DsSu)               Turns: 33556, Time: 04:04:52

Health: -1/128     AC: 16    Str: 13    XL:     17   Next: 8%
Magic:  6/31       EV: 14    Int: 21    God:    Kikubaaqudgha [******]
Gold:   1598       SH: 11    Dex: 14    Spells: 6/36 levels left

rFire   + + .        y - +1 demon blade (spect)
rCold   + + .        U - +0 buckler of the Gloaming {+Inv rC++}
rNeg    . . .        V - +3 troll leather armour {Snorg}
rPois   +            (helmet unavailable)
rElec   +            d - +1 cloak
rCorr   +            G - +1 pair of gloves
SInv    +            Z - +1 pair of boots
Will    ++...        s - amulet of reflection
Stlth   ++++         o - ring "Wyatylip" {Fly rElec rPois rF+ Dex-5}
HPRegen 1.21/turn    h - ring of Vaomm {rF+ Will+ rCorr Str+3 Dex+4}
MPRegen 0.44/turn

%: reflection, guardian spirit
@: lethally poisoned (-1 -> -21), flying, studying Earth Magic
A: antennae 3, yellow scales 3, powered by pain 1, magic shield, magic
regeneration, bedeviling
a: Renounce Religion, Evoke Invisibility, Unearth Wretches, Torment


You were on level 3 of the Snake Pit.
You worshipped Kikubaaqudgha.
Kikubaaqudgha was exalted by your worship.
You visited 6 branches of the dungeon, and saw 25 of its levels.
You also visited: Bailey, Gauntlet and Ice Cave.

You collected 3666 gold pieces.
You spent 2068 gold pieces at shops.

Inventory:

Hand Weapons
 u - a +4 dagger of flaming
 w - the +7 whip of Nazamex {drain, Dex+3}
   (You found it on level 4 of the Dungeon)

   Dex+3:     It affects your dexterity (+3).
 y - a +1 spectral demon blade (weapon)
 X - a +1 antimagic hand axe
Missiles
 c - 5 curare-tipped darts
 v - 5 javelins
Armour
 d - a +1 cloak (worn)
 G - a +1 pair of gloves (worn)
 U - the +0 buckler of the Gloaming (worn) {+Inv rC++}
   (You acquired it on level 3 of the Lair of Beasts)

   rC++:      It greatly protects you from cold.
   +Inv:      It lets you turn invisible.
 V - a +3 troll leather armour (worn) {Snorg}
 Z - a +1 pair of boots (worn)
Jewellery
 h - the ring of Vaomm (right hand) {rF+ Will+ rCorr Str+3 Dex+4}
   (You bought it in a shop on level 5 of the Dungeon)

   [ring of willpower]

   Str+3:     It affects your strength (+3).
   Dex+4:     It affects your dexterity (+4).
   rF+:       It protects you from fire.
   Will+:     It increases your willpower.
   rCorr:     It protects you from acid and corrosion.
 k - a ring of magical power
 l - a ring of wizardry
 n - an amulet of magic regeneration
 o - the ring "Wyatylip" (left hand) {Fly rElec rPois rF+ Dex-5}
   (You bought it in a shop on level 5 of the Dungeon)

   [ring of protection from fire]

   Dex-5:     It affects your dexterity (-5).
   rF+:       It protects you from fire.
   rElec:     It insulates you from electricity.
   rPois:     It protects you from poison Fly: It grants you flight.
 s - an amulet of reflection (around neck)
 t - the ring "Vuteonas" {rPois rCorr Str+3 Dex-2 SInv}
   (You acquired it on level 3 of the Lair of Beasts)

   [ring of poison resistance]

   Str+3:     It affects your strength (+3).
   Dex-2:     It affects your dexterity (-2).
   rPois:     It protects you from poison SInv: It lets you see invisible.
   rCorr:     It protects you from acid and corrosion.
 z - a ring of positive energy
 O - a ring of protection from fire
 P - an amulet of regeneration
 Y - a +6 ring of dexterity
Talismans
 b - the serpent talisman of the Lotus Blossom {Int+3 Slay+2}
   (You found it on level 2 of the Snake Pit)

   [serpent talisman]

   Int+3:     It affects your intelligence (+3).
   Slay+2:    It affects your accuracy & damage with ranged weapons and melee
   (+2).
Wands
 g - a wand of charming (30)
 i - a wand of light (1)
 B - a wand of digging (6)
 H - a wand of roots (13)
 T - a wand of flame (21)
Scrolls
 e - a scroll of enchant armour
 j - 5 scrolls of poison
 p - a scroll of immolation
 q - 3 scrolls of fear
 r - 7 scrolls of identify
 F - 2 scrolls of revelation
 I - 3 scrolls of torment
 J - 2 scrolls of amnesia
 M - 10 scrolls of teleportation
 W - 7 scrolls of noise
Potions
 f - 8 potions of lignification
 m - a potion of cancellation
 x - 5 potions of mutation
 A - a potion of enlightenment
 C - a potion of magic
Miscellaneous
 a - a phantom mirror
 D - a tin of tremorstones (2/2)


   Skills:
 - Level 10.0 Fighting
 - Level 8.0 Long Blades
 - Level 8.0 Dodging
 - Level 8.8 Stealth
 - Level 9.2 Shields
 + Level 10.3 Spellcasting
 - Level 5.0 Hexes
 - Level 9.3 Summonings
 + Level 18.2 Necromancy
 - Level 4.5 Translocations
 - Level 5.0 Fire Magic
 - Level 7.0 Air Magic


You had 6 spell levels left.
You knew the following spells:

 Your Spells              Type           Power      Damage    Failure   Level
b - Call Imp              Summ           100%       N/A       1%          2
c - Call Canine Familiar  Summ           50%        N/A       1%          3
d - Summon Blazeheart Go  Fire/Summ      40%        N/A       5%          4
e - Summon Lightning Spi  Summ/Air       45%        N/A       3%          4
A - Animate Dead          Necr           73%        N/A       1%          4
B - Blink                 Tloc           60%        N/A       2%          2
F - Fugue of the Fallen   Necr           73%        N/A       0%          3
M - Martyr's Knell        Necr/Summ      62%        N/A       1%          4
N - Anguish               Hex/Necr       37%        N/A       1%          4

Your spell library contained the following spells:

 Spells                   Type           Power      Damage    Failure   Level
 Necrotise                Necr           100%       1d9       0%          1
 Vampiric Draining        Necr           73%        2d11      0%          3
 Apportation              Tloc           60%        N/A       1%          1
 Kiss of Death            Conj/Necr      100%       2d13      1%          1
 Slow                     Hex            100%       N/A       1%          1
 Summon Small Mammal      Summ           100%       N/A       1%          1
 Cigotuvi's Dreadful Rot  Necr/Alch/Air  92%        N/A       1%          2
 Dispel Undead            Necr           73%        3d24      1%          4
 Death Channel            Necr           36%        N/A       1%          6
 Shock                    Conj/Air       100%       1d9       2%          1
 Lesser Beckoning         Tloc           60%        N/A       2%          2
 Mercury Vapours          Alch/Air       50%        N/A       3%          2
 Confusing Touch          Hex            47%        N/A       3%          3
 Inner Flame              Hex/Fire       47%        N/A       3%          3
 Sigil of Binding         Hex            47%        N/A       3%          3
 Tukima's Dance           Hex            47%        N/A       3%          3
 Ensorcelled Hibernation  Hex/Ice        64%        N/A       5%          2
 Momentum Strike          Conj/Tloc      40%        3d9       6%          2
 Borgnjor's Vile Clutch   Necr/Erth      24%        N/A       7%          5
 Magic Dart               Conj           40%        1d5       10%         1
 Sting                    Conj/Alch      40%        1d5       10%         1
 Mephitic Cloud           Conj/Alch/Air  20%        N/A       12%         3
 Dimensional Bullseye     Hex/Tloc       23%        N/A       14%         4
 Searing Ray              Conj           20%        2d5       16%         2
 Passage of Golubria      Tloc           30%        N/A       16%         4
 Silence                  Hex/Air        26%        N/A       24%         5
 Flame Wave               Conj/Fire      21%        2d8       34%         4
 Sticky Flame             Fire/Alch      21%        2d6       34%         4
 Iskenderun's Mystic Bla  Conj/Tloc      20%        2d6       36%         4
 Olgreb's Toxic Radiance  Alch           10%        N/A       69%         4
 Freezing Cloud           Conj/Ice/Air   10%        6-21      73%         5
 Irradiate                Conj/Alch      5%         3d13      95%         5
 Sculpt Simulacrum        Ice/Alch       5%         N/A       100%        6
 Haunt                    Necr/Summ      31%        N/A       30%         7
 Borgnjor's Revivificati  Necr           36%        N/A       36%         8
 Infestation              Necr           36%        N/A       36%         8
 Death's Door             Necr           36%        N/A       99%         9
 Ozocubu's Refrigeration  Ice            5%         4d8       100%        7
 Lehudib's Crystal Spear  Conj/Erth      5%         10d3      100%        8
 Chain Lightning          Conj/Air       12%        3d16      100%        9
 Fire Storm               Conj/Fire      10%        8d3       100%        9
 Polar Vortex             Ice            5%         N/A       100%        9
 Shatter                  Erth           5%         3d8*      100%        9


Dungeon Overview and Level Annotations

Branches:
Dungeon (13/15)            Temple (1/1) D:7            Lair (5/5) D:8
  Swamp (0/4) Lair:3        Snake (3/4) Lair:2        Slime (0/5) Lair:4
    Orc (2/2) D:12            Elf (1/3) Orc:2        Bailey (visited)
  IceCv (visited)         Gauntlet (visited)
 Vaults: D:13-14

Altars:
Ashenzari
Cheibriados
Dithmenos
Fedhas
Gozag
Hepliaklqana
Kikubaaqudgha
Makhleb
Nemelex Xobeh
Okawaru
Qazlal
Ru
Sif Muna
Trog
Uskayaw
Vehumet
Wu Jian
Xom
Yredelemnul
Jiyva

Shops:
D:1 (   D:3 (=(::   D:5 =   D:8 ?   Orc:1 (   Orc:2 [=**   Snake:1 :([
Snake:2 [

Annotations:
D:8 2 transporters, freelancePsychic's ghost, journeyman DsWn


Innate Abilities, Weirdness & Mutations

You have a pair of large antennae on your head. (SInv)
You are completely covered in yellow scales. (AC +4, rCorr)
You sometimes gain a little power by taking damage.
When hurt, damage is shared between your health and your magic reserves.
You regenerate magic rapidly.
Your hexes are more powerful.


Message History

The anaconda misses you.
Your black mamba zombie closely misses the anaconda.
Your shock serpent zombie bites the naga ritualist!
The naga ritualist hits your +1 spectral demon blade with a +0 battleaxe.
Your spectral weapon shares its damage with you!
The naga ritualist hits your shock serpent zombie with a +0 battleaxe!
The naga ritualist hits your anaconda zombie with a +0 battleaxe!
* * * LOW HITPOINT WARNING * * *
The naga ritualist is wracked by anguish!!
You hit the anaconda but do no damage.
The anaconda is severely wounded.
Your +1 spectral demon blade misses the anaconda.
* * * LOW HITPOINT WARNING * * *
You feel extremely sick.
* * * LOW HITPOINT WARNING * * *
You are more poisoned.
The naga ritualist is wracked by anguish.
Your anaconda zombie grabs the naga ritualist.
Your anaconda zombie completely misses the naga ritualist.
Your anaconda zombie constricts the naga ritualist.
Your black mamba zombie bites the black mamba.
The anaconda barely misses you.
Your black mamba zombie bites the anaconda but does no damage.
Your shock serpent zombie bites the naga ritualist but does no damage.
Your anaconda zombie bites the naga ritualist!
The naga ritualist dies!
Kikubaaqudgha accepts your kill.
The dead are walking!
You block the anaconda's attack.
Your black mamba zombie closely misses the black mamba.
The black mamba hisses angrily.
Okay, then.
Okay, then.
Okay, then.
Your magical effects are unravelling.
You feel magically purged.
Your +1 spectral demon blade disappears.
Your fugue has ended.
You feel less vulnerable to poison.
Your reaping aura expires.
You die...
Kikubaaqudgha rasps: "You have failed me!
Welcome... death!"

#.##.#### ###....
##.### ##..)...
#..# ####..).)..
##.####.....)....
#
#...Z...........
..#
#.#####..#......
....# ##.#
#.##.....#
.....)##.##
####.....#
....ZZ.@.#
#.....#
..S.Z.SZ##
#.....# ....Z.Z.#
#....## .......##
#....# ......#
#....# ....##
#.#..# ...# #.
.## (.#


You could see an anaconda (blind, unable to see you, ally target), a black mamba
(wandering, blind, unable to see you, ally target), 3 friendly black mamba
zombies, a friendly anaconda zombie, a friendly shock serpent zombie and a
friendly naga ritualist zombie.

Vanquished Creatures
  Vashnia (Snake:2)
  Saint Roka (Orc:2)
  Rupert (Orc:2)
  A thorn hunter (Snake:2)
  A frost giant (IceCv)
  A minotaur (Gauntlet)
  A fire dragon (Lair:5)
  11 hydras
  Erolcha (D:11)
  A catoblepas (Lair:3)
  A centaur warrior (D:13)
  2 anacondas
  Erica (Orc:1)
  4 two-headed ogres
  3 death yaks (IceCv)
  A dancing weapon (Elf:1)
  A naga warrior (Snake:2)
  9 naga sharpshooters
  A deep elf knight (Elf:1)
  Nergalle (D:12)
  A salamander mystic (Snake:3)
  7 mana vipers
  An arcanist (D:13)
  3 swamp dragons (Snake:2)
  2 deep elf archers (Elf:1)
  2 naga ritualists
  9 deep elf pyromancers
  3 orc knights (Orc:2)
  Pikel (D:7)
  2 deep elf zephyrmancers (Elf:1)
  2 orc sorcerers (Orc:2)
  A manticore (D:12)
  3 salamanders
  3 meliai (Gauntlet)
  A moth of wrath (Gauntlet)
  2 cyclopes
  4 kobold blastminers
  17 black mambas
  An ice statue (IceCv)
  3 centaur zombies
  9 elephants
  Joseph (D:7)
  A naga mage (Snake:3)
  2 molten gargoyles (Lair:5)
  Maggie (D:7)
  A death yak zombie (IceCv)
  3 cane toads
  An unseen horror (D:12)
  7 rime drakes
  6 komodo dragons
  6 trolls
  7 polar bears
  A hydra zombie (Lair:5)
  6 blink frogs
  A boulder beetle zombie (Lair:4)
  4 slime creatures (D:13)
  2 nameless horrors
  A shadow (D:12)
  4 wyverns
  An air elemental (Elf:1)
  2 black mamba zombies
  A tyrant leech zombie (Snake:2)
  8 wraiths
  10 vampires
  57 yaks
  3 basilisks
  A vampire mosquito (D:12)
  Grum (D:11)
  A steam dragon (Lair:5)
  2 wargs
  2 nagas
  A hell hound (Lair:5)
  7 water moccasins
  A swamp drake (D:12)
  A naga zombie (Snake:2)
  21 orc warriors
  An elf zombie (D:13)
  An elephant zombie (Lair:4)
  3 ice beasts
  A swamp dragon zombie (Snake:2)
  4 ogres
  12 centaurs
  17 wolves
  2 lemures (D:7)
  A phantom (D:5)
  A rime drake zombie (IceCv)
  4 kobold brigands
  11 bullfrogs
  A kobold zombie (Orc:2)
  A cyclops zombie (Orc:2)
  3 killer bees (D:11)
  4 yak zombies
  5 electric eels (D:8)
  2 howler monkeys (D:10)
  2 lava snakes (Lair:5)
  7 orc priests
  A bombardier beetle (D:5)
  2 jellies (Lair:4)
  2 ogre zombies
  A boggart zombie (D:12)
  An iguana (D:7)
  15 orc wizards
  2 hell rats (Lair:5)
  2 polar bear simulacra (Lair:3)
  A hell rat zombie (Lair:5)
  2 gnolls
  11 orc zombies (Orc:2)
  An adder (D:4)
  3 river rats (Lair:5)
  A white imp (D:8)
  2 ufetubi (D:6)
  A ribbon worm (D:2)
  39 orcs
  A bat (D:3)
  3 endoplasms
  5 giant cockroaches
  2 goblins (D:3)
  A hobgoblin (D:3)
  11 kobolds
  4 quokkas
  2 river rat zombies (Lair:5)
  A frilled lizard (D:3)
  3 rats (Lair:5)
499 creatures vanquished.

Vanquished Creatures (collateral kills)
  Kirke (Elf:1)
  2 thorn hunters (Snake:2)
  Snorg (D:10)
  Josephine (D:13)
  Fannar (D:11)
  A catoblepas (D:13)
  A hydra (Snake:2)
  3 anacondas
  A boulder beetle (Lair:4)
  2 naga warriors (Snake:1)
  2 death yaks (IceCv)
  A shock serpent (Snake:3)
  A deep elf knight (Elf:1)
  4 naga sharpshooters (Snake:1)
  A skyshark (Lair:2)
  A mana viper (Snake:2)
  2 naga ritualists
  A lindwurm (Lair:5)
  A deep elf pyromancer (Elf:1)
  3 deep elf archers (Elf:1)
  5 deep elf zephyrmancers (Elf:1)
  An oklob plant (Lair:3)
  2 orc sorcerers (Orc:1)
  2 salamanders
  2 kobold blastminers
  13 elephants
  A molten gargoyle (Lair:5)
  2 naga magi
  15 black mambas
  9 cane toads
  A torpor snail (Gauntlet)
  6 rime drakes
  2 komodo dragons
  A tyrant leech (Snake:2)
  Grinder (D:5)
  4 polar bears
  2 trolls
  Prince Ribbit (D:7)
  8 blink frogs
  Sigmund (D:5)
  A shadow (D:12)
  3 wraiths
  5 basilisks
  A wyvern (Lair:2)
  19 yaks
  A vampire mosquito (D:12)
  A swamp worm (Snake:2)
  Edmund (D:5)
  7 nagas
  An acid dragon (D:11)
  11 water moccasins
  Duvessa (D:7)
  2 hell hounds (Lair:5)
  2 swamp drakes (Snake:2)
  26 orc warriors
  2 ice beasts
  11 centaurs
  7 wolves
  2 ogres
  A lemure (D:7)
  2 kobold brigands (D:9)
  3 bullfrogs
  A gnoll sergeant (D:11)
  A scorpion (D:6)
  Dowan (D:7)
  2 lava snakes (Lair:5)
  10 orc priests
  3 hounds
  12 jellies
  2 boggart zombies (D:12)
  2 hell rats (Lair:5)
  7 orc wizards
  3 wolf simulacra (Lair:3)
  8 gnolls
  7 adders
  3 river rats (Lair:5)
  A white imp (D:6)
  2 ribbon worms (D:5)
  A dart slug (D:2)
  76 orcs
  4 ball pythons
  6 endoplasms
  4 giant cockroaches
  15 goblins
  2 hobgoblins
  27 kobolds
  A quokka (D:2)
  5 bats
  A frilled lizard (D:1)
  4 rats
  A rat zombie (Lair:5)
432 creatures vanquished.

Vanquished Creatures (others)
  Mlioglotl (Snake:1)
  Asterion (Snake:1)
  Aizul (Snake:2)
  Agnes (Snake:1)
  A deep elf annihilator (Elf:1)
  An alligator (Snake:2)
  2 naga warriors (Snake:1)
  An orc high priest (Orc:2)
  4 naga sharpshooters (Snake:1)
  A shock serpent (Snake:2)
  A deep elf knight (Elf:1)
  A salamander mystic (Snake:3)
  2 swamp dragons (Snake:2)
  3 anaconda zombies
  A naga ritualist (Snake:1)
  4 deep elf zephyrmancers (Elf:1)
  An alligator zombie (Snake:2)
  2 orc knights (Orc:2)
  2 human zombies
  4 deep elf pyromancers (Elf:1)
  3 salamanders
  3 orc sorcerers
  A meliai (shapeshifter) (Elf:1)
  2 mana viper zombies (Snake:1)
  A kobold blastminer (Orc:2)
  4 black mambas
  An unseen horror (D:12)
  A catoblepas zombie (Lair:3)
  A swamp worm zombie (Snake:2)
  3 hydra zombies
  2 meliai zombies
  4 black mamba zombies
  2 swamp worms (Snake:2)
  8 nagas
  2 cane toad zombies
  6 blink frog zombies
  7 orc warriors (Orc:2)
  An elephant zombie (Lair:4)
  A swamp dragon zombie (Snake:2)
  18 elf zombies (Elf:1)
  3 ogres
  A torpor snail zombie (Gauntlet)
  2 rime drake zombies (Lair:1)
  A salamander zombie (Snake:3)
  A kobold zombie (Orc:2)
  A komodo dragon zombie (Lair:5)
  A warg zombie (Orc:2)
  A hell hound zombie (Lair:5)
  2 water moccasin zombies (Lair:2)
  4 polar bear zombies
  6 yak zombies
  4 wolf zombies
  3 centaur zombies (Orc:2)
  3 bullfrog zombies
  An orc priest (Orc:2)
  4 ogre zombies
  15 naga zombies
  A gnoll (Bailey)
  2 hell rat zombies (Lair:5)
  33 orc zombies
  2 swamp drake zombies (Snake:2)
  3 orcs
  3 river rat zombies (Lair:5)
  3 rat zombies (Lair:5)
  94 blazeheart cores
  3 spectral weapons
  6 starspawn tentacles (Snake:1)
309 creatures vanquished.

Grand Total: 1240 creatures vanquished

Notes
Turn   | Place    | Note
-------+----------+-------------------------------------------
     0 | D:1      | croobank the Demonspawn Summoner began the quest for the
                  | Orb.
     0 | D:1      | Reached XP level 1. HP: 13/13 MP: 3/3
   271 | D:1      | Gained mutation: You are partially covered in yellow
                  | scales. (AC +2) [demonic ancestry]
   271 | D:1      | Reached XP level 2. HP: 19/19 MP: 0/5
   274 | D:1      | Learned a level 2 spell: Call Imp
   584 | D:1      | Found Yfuigh's Weapon Shop.
   898 | D:2      | Identified the +5 short sword "Ziduteudd" {holy, Will++
                  | Int+4}
   982 | D:2      | Gained mutation: You are mostly covered in yellow scales.
                  | (AC +3) [demonic ancestry]
   982 | D:2      | Reached XP level 3. HP: 17/24 MP: 1/6
  1032 | D:2      | Learned a level 3 spell: Call Canine Familiar
  2175 | D:3      | Gained mutation: You have a pair of small antennae on your
                  | head. [demonic ancestry]
  2175 | D:3      | Reached XP level 4. HP: 30/30 MP: 8/8
  2431 | D:3      | Found Itaukodi's Book Emporium.
  2453 | D:3      | You fall into a shaft and drop 2 floors!
  2453 | D:5      | Entered Level 5 of the Dungeon
  2716 | D:4      | Reached skill level 1 in Fighting
  2805 | D:4      | Reached XP level 5. HP: 37/37 MP: 2/9
  3044 | D:4      | Identified the +7 whip of Nazamex {drain, Dex+3}
  3548 | D:3      | Found a transporter.
  3550 | D:3      | Found Qoleqo's Jewellery Shoppe.
  3636 | D:3      | Found an ornate altar of the Wu Jian Council.
  3659 | D:3      | Found Dosamu's Weapon Shop.
  3667 | D:3      | Bought a +0 war axe of flaming for 107 gold pieces
  3903 | D:3      | Found Fuataux's Book Shoppe.
  3975 | D:3      | Found Tenoxtap's Antique Weapon Emporium.
  4059 | D:3      | Found a transporter.
  4555 | D:4      | Noticed an ogre
  4565 | D:4      | Killed an ogre
  4566 | D:4      | Reached XP level 6. HP: 46/46 MP: 2/10
  5016 | D:3      | Bought a glowing short sword for 138 gold pieces
  5186 | D:5      | Noticed an orc warrior
  5465 | D:5      | Reached skill level 5 in Summonings
  5613 | D:5      | Killed an orc warrior
  5614 | D:5      | Gained mutation: You are completely covered in yellow
                  | scales. (AC +4, rCorr) [demonic ancestry]
  5614 | D:5      | Reached XP level 7. HP: 30/52 MP: 2/12
  5785 | D:5      | Found Icocoz's One-of-a-Kind Rings.
  5785 | D:5      | Noticed Grinder
  6385 | D:5      | Noticed Sigmund
  6394 | D:5      | Killed Sigmund
  6407 | D:5      | Noticed Edmund
  6432 | D:5      | Killed Edmund
  6590 | D:5      | Killed Grinder
  6591 | D:5      | Gained mutation: You regenerate magic rapidly. [demonic
                  | ancestry]
  6591 | D:5      | Reached XP level 8. HP: 57/61 MP: 7/14
  6637 | D:6      | Reached skill level 5 in Fighting
  6889 | D:6      | Learned a level 4 spell: Summon Blazeheart Golem
  7002 | D:6      | Found a hazy altar of Hepliaklqana.
  7071 | D:6      | Found an iron altar of Okawaru.
  7071 | D:6      | Found a radiant altar of Vehumet.
  7352 | D:6      | Reached skill level 5 in Stealth
  7352 | D:6      | Reached skill level 1 in Fire Magic
  7478 | D:6      | Found a burning altar of Makhleb.
  7479 | D:6      | Noticed a balrug
  7479 | D:6      | Noticed an angel
  7680 | D:7      | Noticed Duvessa
  7685 | D:7      | Noticed Dowan
  7689 | D:7      | Identified the +0 short sword of Defiance {freeze, SInv}
  7699 | D:7      | Killed Duvessa
  7701 | D:7      | Killed Dowan
  7768 | D:7      | Identified the +2 ring mail of Ruhuomn {rN+}
  7808 | D:7      | Reached XP level 9. HP: 69/69 MP: 11/16
  7952 | D:7      | Noticed Joseph
  7954 | D:7      | Noticed Pikel
  7964 | D:7      | Killed Joseph
  7965 | D:7      | Reached skill level 5 in Dodging
  7969 | D:7      | Killed Pikel
  7970 | D:7      | Reached skill level 5 in Spellcasting
  8081 | D:7      | Noticed Prince Ribbit
  8094 | D:7      | Killed Prince Ribbit
  8208 | D:7      | Noticed Maggie
  8235 | D:7      | Killed Maggie
  8785 | D:7      | Found a staircase to the Ecumenical Temple.
  8807 | Temple   | Entered the Ecumenical Temple
  8852 | Temple   | Became a worshipper of Kikubaaqudgha
  9035 | D:8      | Learned a level 4 spell: Summon Lightning Spire
  9049 | D:8      | Found a transporter.
  9063 | D:8      | Found a transporter.
  9072 | D:8      | Noticed freelancePsychic's ghost (journeyman DsWn)
  9105 | D:8      | Reached XP level 10. HP: 39/79 MP: 15/18
  9155 | D:8      | Reached skill level 1 in Air Magic
  9991 | D:8      | Found a blossoming altar of Fedhas.
 10029 | D:8      | Reached * piety under Kikubaaqudgha
 10029 | D:8      | Received a gift from Kikubaaqudgha
 10179 | D:8      | Learned a level 2 spell: Blink
 10227 | D:8      | Noticed a two-headed ogre
 10235 | D:8      | Killed a two-headed ogre
 10444 | D:8      | Found Kuinwyce's Magic Scroll Shop.
 10450 | D:8      | Bought 2 scrolls of identify for 48 gold pieces
 10450 | D:8      | Bought a scroll of blinking for 90 gold pieces
 10452 | D:8      | Bought a scroll of identify for 24 gold pieces
 10452 | D:8      | Bought a scroll of identify for 24 gold pieces
 11179 | D:9      | Found an opulent altar of Gozag.
 11199 | D:9      | Reached ** piety under Kikubaaqudgha
 11974 | D:10     | Entered Level 10 of the Dungeon
 11988 | D:10     | Noticed a two-headed ogre
 12161 | D:10     | Found a flagged portal.
 12196 | Bailey   | Entered a bailey
 12804 | Bailey   | Gained mutation: You have a pair of antennae on your head.
                  | [demonic ancestry]
 12804 | Bailey   | Reached XP level 11. HP: 87/87 MP: 17/20
 13005 | Bailey   | Reached *** piety under Kikubaaqudgha
 13005 | Bailey   | Received a gift from Kikubaaqudgha
 14042 | D:10     | Killed a two-headed ogre
 14057 | D:10     | Noticed Snorg
 14089 | D:10     | Killed Snorg
 14551 | D:11     | Noticed Grum
 14565 | D:11     | Killed Grum
 14596 | D:11     | Noticed Erolcha
 14786 | D:11     | Noticed Fannar
 15279 | D:11     | Reached skill level 5 in Fire Magic
 15474 | D:11     | Reached skill level 10 in Fighting
 16025 | D:12     | Gained mutation: You have a pair of large antennae on your
                  | head. (SInv) [demonic ancestry]
 16025 | D:12     | Reached XP level 12. HP: 97/97 MP: 21/23
 16044 | D:12     | Reached **** piety under Kikubaaqudgha
 16591 | D:12     | Noticed a two-headed ogre
 16598 | D:12     | Reached skill level 1 in Necromancy
 16598 | D:12     | Killed a two-headed ogre
 16637 | D:12     | Reached skill level 2 in Necromancy
 16975 | D:12     | Reached skill level 3 in Necromancy
 16975 | D:12     | Reached skill level 5 in Air Magic
 17203 | D:12     | Learned a level 4 spell: Animate Dead
 17225 | D:12     | Found a staircase to the Orcish Mines.
 17476 | D:8      | Found a staircase to the Lair.
 17545 | Lair:1   | Entered Level 1 of the Lair of Beasts
 17571 | Lair:1   | Learned a level 3 spell: Fugue of the Fallen
 17596 | Lair:1   | Reached skill level 4 in Necromancy
 17672 | Lair:1   | Reached ***** piety under Kikubaaqudgha
 17715 | Lair:1   | Found a gate leading to a gauntlet.
 17742 | Gauntlet | Entered a Gauntlet
 17742 | Gauntlet | Found a transporter.
 17742 | Gauntlet | Found a transporter.
 17772 | Gauntlet | Found a transporter.
 17772 | Gauntlet | Found a transporter.
 17772 | Gauntlet | Found a transporter.
 17775 | Gauntlet | Noticed a death yak
 17776 | Gauntlet | Noticed a death yak
 17777 | Gauntlet | Noticed a death yak
 17778 | Gauntlet | Noticed a death yak
 17778 | Gauntlet | Noticed a death yak
 17779 | Gauntlet | Found a transporter.
 17779 | Gauntlet | Noticed a death yak
 17783 | Gauntlet | Found a transporter.
 17786 | Gauntlet | Found a transporter.
 17787 | Gauntlet | Found a transporter.
 17787 | Gauntlet | Found a transporter.
 17793 | Gauntlet | Noticed a green death
 17799 | Gauntlet | Found a transporter.
 17807 | Gauntlet | Noticed a seven-headed hydra
 17810 | Gauntlet | Found a transporter.
 17954 | Gauntlet | Reached skill level 1 in Translocations
 18017 | Gauntlet | Reached skill level 5 in Necromancy
 18036 | Gauntlet | Identified the +1 pair of gloves "Eqonka" {^Drain rN+ Str+3
                  | Dex-5}
 18273 | Gauntlet | Killed a six-headed hydra
 18274 | Gauntlet | Reached skill level 6 in Necromancy
 18298 | Gauntlet | Noticed a minotaur
 18317 | Gauntlet | Learned a level 4 spell: Martyr's Knell
 18331 | Gauntlet | Killed a minotaur
 18347 | Gauntlet | Identified the +3 orcbow "Cosaczun" {flame, Dex+2}
 18515 | Lair:1   | Reached skill level 7 in Necromancy
 18559 | Lair:1   | Gained mutation: When hurt, damage is shared between your
                  | health and your magic reserves. [demonic ancestry]
 18559 | Lair:1   | Reached XP level 13. HP: 25/103 MP: 20/25
 18826 | Lair:1   | Reached skill level 8 in Necromancy
 19208 | Lair:1   | Reached skill level 9 in Necromancy
 19247 | Lair:1   | Upgraded the game from 0.31.0-10-gcf4a605ca0 to
                  | 0.31.0-11-ge490571c62
 19431 | Lair:2   | Found a staircase to the Snake Pit.
 19483 | Lair:2   | Reached skill level 10 in Necromancy
 19563 | Lair:2   | Reached skill level 11 in Necromancy
 20109 | Lair:3   | Identified 2 scrolls of acquirement
 20123 | Lair:3   | Found a staircase to the Swamp.
 20159 | Lair:3   | Acquired the +0 buckler of the Gloaming {+Inv rC++}
 20160 | Lair:3   | Acquired the ring "Vuteonas" {rPois rCorr Str+3 Dex-2 SInv}
 20184 | Lair:3   | Reached skill level 12 in Necromancy
 20306 | Lair:3   | Reached skill level 13 in Necromancy
 20402 | Lair:3   | Reached XP level 14. HP: 110/110 MP: 26/26
 20473 | Lair:3   | Reached skill level 14 in Necromancy
 20524 | Lair:3   | Found a frozen archway.
 20564 | IceCv    | Entered an ice cave
 20575 | IceCv    | Reached ****** piety under Kikubaaqudgha
 20916 | IceCv    | Reached skill level 15 in Necromancy
 21020 | IceCv    | Noticed a frost giant
 21032 | IceCv    | Killed a frost giant
 21266 | Lair:3   | Reached skill level 1 in Shields
 22130 | Lair:4   | Found a staircase to the Slime Pits.
 22132 | Lair:4   | Found a viscous altar of Jiyva.
 22482 | Lair:4   | Reached skill level 5 in Shields
 22554 | Lair:4   | Acquired 857 gold pieces
 22930 | Lair:5   | Entered Level 5 of the Lair of Beasts
 23871 | Lair:5   | Gained mutation: Your hexes are more powerful. [demonic
                  | ancestry]
 23871 | Lair:5   | Reached XP level 15. HP: 98/115 MP: 23/27
 24069 | Lair:5   | Found a large runed translucent door.
 24070 | Lair:5   | Found a large runed translucent door.
 24806 | D:5      | Bought the ring of Vaomm {rF+ Will+ rCorr Str+3 Dex+4} for
                  | 652 gold pieces
 25099 | D:11     | Killed Erolcha
 25177 | D:11     | Killed Fannar
 25178 | D:11     | Your ally Erolcha died
 25287 | D:13     | Noticed Josephine
 25316 | D:13     | Killed Josephine
 25408 | D:13     | Received a gift from Kikubaaqudgha (forbidden knowledge)
 25621 | D:13     | Reached skill level 16 in Necromancy
 26162 | Orc:1    | Entered Level 1 of the Orcish Mines
 26162 | Orc:1    | Noticed Nergalle
 26176 | D:12     | Killed Nergalle
 26218 | Orc:1    | Paralysed by an orc sorcerer for 4 turns
 26346 | Orc:1    | Found Fixip's Weapon Shop.
 26346 | Orc:1    | Noticed Erica
 26366 | Orc:1    | Killed Erica
 26636 | Orc:2    | Entered Level 2 of the Orcish Mines
 26649 | Orc:2    | Noticed Saint Roka
 26665 | Orc:2    | Killed Saint Roka
 26726 | Orc:2    | Found Tashy's General Store.
 26726 | Orc:2    | Found Utruce Naacw's Jewellery Shop.
 26787 | Orc:2    | Noticed Rupert
 26811 | Orc:2    | Killed Rupert
 26847 | Orc:2    | Found Luihu's General Store.
 26849 | Orc:2    | Found Telir's Antique Armour Boutique.
 26859 | Orc:2    | Learned a level 4 spell: Anguish
 26865 | Orc:2    | Bought a scroll of enchant weapon for 90 gold pieces
 26865 | Orc:2    | Bought a wand of roots (4) for 115 gold pieces
 26865 | Orc:2    | Bought a scroll of teleportation for 36 gold pieces
 26870 | Orc:2    | Bought a scroll of fear for 64 gold pieces
 26870 | Orc:2    | Bought a scroll of teleportation for 48 gold pieces
 26870 | Orc:2    | Bought a scroll of amnesia for 64 gold pieces
 27184 | Orc:2    | Your ally Rupert died
 27312 | Orc:2    | Reached skill level 1 in Hexes
 27358 | Orc:2    | Found a staircase to the Elven Halls.
 28183 | D:5      | Bought the ring "Wyatylip" {Fly rElec rPois rF+ Dex-5} for
                  | 382 gold pieces
 28430 | Elf:1    | Entered Level 1 of the Elven Halls
 28470 | Elf:1    | Reached skill level 17 in Necromancy
 28860 | Elf:1    | Noticed Kirke
 28876 | Elf:1    | Killed Kirke
 28888 | Elf:1    | Got Jyetwahy's Vellum of Damage
 29007 | Elf:1    | Your ally Kirke died
 29014 | Elf:1    | Paralysed by an air elemental for 1 turns
 29026 | Elf:1    | Paralysed by an air elemental for 1 turns
 29029 | Elf:1    | Paralysed by an air elemental for 1 turns
 29037 | Elf:1    | Paralysed by an air elemental for 1 turns
 29486 | Snake:1  | Entered Level 1 of the Snake Pit
 29497 | Snake:1  | HP: 5/112 [black mamba[a naga ritualist] (8)]
 29549 | Snake:1  | Gained mutation: You sometimes gain a little power by
                  | taking damage. [demonic ancestry]
 29549 | Snake:1  | Reached XP level 16. HP: 84/122 MP: 13/28
 29557 | Snake:1  | Found a blossoming altar of Fedhas.
 29653 | Snake:1  | Noticed Agnes
 29657 | Snake:1  | Killed Agnes
 29854 | Snake:1  | Noticed Asterion
 29866 | Snake:1  | Killed Asterion
 30023 | Snake:1  | Found Ciskinoc's Antique Armour Emporium.
 30088 | Snake:1  | Noticed Mlioglotl
 30102 | Snake:1  | Noticed a tentacled starspawn
 30235 | D:8      | Bought a scroll of poison for 48 gold pieces
 30235 | D:8      | Bought a scroll of vulnerability for 48 gold pieces
 30235 | D:8      | Bought a scroll of revelation for 90 gold pieces
 30379 | Snake:1  | Reached skill level 1 in Long Blades
 30448 | Snake:1  | Found Tostie Uvou's Antique Weapon Shop.
 30453 | Snake:1  | Found Fashae's Book Shop.
 30629 | Snake:1  | Killed Mlioglotl
 30648 | Snake:1  | Reached skill level 5 in Hexes
 30920 | Snake:2  | Noticed a thorn hunter
 30929 | Snake:2  | Noticed Vashnia
 30931 | Snake:2  | Killed a thorn hunter
 30954 | Snake:2  | Killed Vashnia
 30954 | Snake:2  | HP: 4/122 [spore (4)]
 30956 | Snake:2  | Reached skill level 5 in Long Blades
 31066 | Snake:2  | Noticed a thorn hunter
 31081 | Snake:2  | Killed a thorn hunter
 31284 | Snake:2  | Identified the serpent talisman of the Lotus Blossom {Int+3
                  | Slay+2}
 31284 | Snake:2  | Noticed Aizul
 31302 | Snake:2  | Killed Aizul
 31421 | Snake:2  | Noticed a thorn hunter
 31443 | Snake:2  | Killed a thorn hunter
 32340 | Snake:2  | Found Oskedian's Armour Emporium.
 33129 | Snake:3  | Reached skill level 18 in Necromancy
 33159 | Snake:3  | Reached skill level 10 in Spellcasting
 33286 | Snake:3  | Reached XP level 17. HP: 107/128 MP: 11/31
 33555 | Snake:3  | HP: 5/128 [naga ritualist/Olgreb's Toxic Radiance (3)]
 33556 | Snake:3  | Succumbed to a naga ritualist's toxic radiance

Illustrated notes

Levels and vault maps discovered:
D:1:      amcnicky_arrival_choice, layout_rooms, serial_shops,
          nicolae_shop_trees
D:2:      layout_basic, kennysheep_pointless_box
D:3:      layout_loops_corners, nzn_wu_jian_council_hall, serial_shops,
          nicolae_shop_hallway_plus, nicolae_shop_drivethru,
          nicolae_lakefront_shop, nicolae_shop_bloodbath_and_beyond, shop,
          st_stairs_9, minmay_fractal_squares_5
D:4:      layout_basic, minmay_bisected
D:5:      layout_rooms, gup_sewer_entry_pipe, nicolae_shop_unique_rings,
          sigmund_edmund_badplayer, uniq_grinder
D:6:      layout_rooms, mainiacjoe_overflow_alcove_1,
          mainiacjoe_overflow_catwalk_spiral,
          grunt_temple_overflow_order_and_chaos_2, serial_rivers,
          chequers_serial_rivers_micro_c, chequers_serial_rivers_micro_c,
          chequers_serial_rivers_micro_d, chequers_serial_rivers_room_a
D:7:      layout_layer_cave, temple_green, kennysheep_generic_room_9,
          uniq_prince_ribbit1, uniq_maggie, uniq_pikel, uniq_duvessa,
          uniq_joseph
D:8:      minmay_curly_fans, layout_cave_pods,
          mainiacjoe_overflow_concentric_impassable, erik_lair_island,
          serial_shops, nicolae_shop_pleasant_corner_grove,
          gammafunk_ghost_stat_death
D:9:      layout_stronghold, lemuel_crystal_altar
D:10:     layout_rooms, lightli_bailey_entry_fortress, uniq_snorg
D:11:     layout_irregular_city, uniq_fannar, uniq_grum, uniq_erolcha
D:12:     layout_loops_ring, erik_orc_1, serial_undead, serial_undead_b,
          serial_undead_f, serial_undead_b, serial_undead_e, serial_undead_c
D:13:     layout_small_grid, uniq_josephine
Temple:   dpeg_chambers_temple
Lair:1:   layout_loops_ring, gauntlet_entry_generic, st_stairs_10
Lair:2:   layout_small_grid, minmay_snake_entry_six_corridors
Lair:3:   layout_regular_city, swamp_mist_pool,
          portal_ice_cave_entry_ice_simulacra, serial_bayou_pond_e,
          pdpol_lair_neglected_garden, lemuel_fruit_fields
Lair:4:   layout_cave_pods, minmay_slime_entry_jelly_boxes
Lair:5:   cheibrodos_lair_end_hotspot, layout_gridlike,
          kennysheep_abandoned_house
Snake:1:  layout_cave_pods, serial_shops, shop, basic_altar, minmay_shop_star,
          uniq_agnes, uniq_asterion, uniq_mlioglotl
Snake:2:  onia_ninara_swampy_vault, layout_layer_cave, serial_shops, shop,
          serial_bayou_shore_b, uniq_vashnia, uniq_aizul
Snake:3:  layout_cave_pods
Orc:1:    layout_diamond_mine, serial_shops, shop,
          nicolae_orc_takin'_care_of_business, uniq_erica, uniq_nergalle
Orc:2:    st_orc_rangers, layout_caves, regret_index_minedec_guest_junction,
          uniq_rupert, uniq_saint_roka
Elf:1:    eino_elf_arrival_sip, layout_loops_corners, serial_shops,
          nicolae_shop_tiny_glass, minmay_elf_annihilation, uniq_kirke

Skill      XL: |  1  2  3  4  5  6  7  8  9 10 11 12 13 14 15 16 |
---------------+-------------------------------------------------+-----
Stealth        | 2 3 4 5 6 8 |  8.8
Dodging        | 2 3 4 5 6 7 8 |  8.0
Fighting       | 1 2 3 4 6 7 8 10 | 10.0
Spellcasting   | 3 4 5 6 7 8 10 | 10.3
Summonings     | 5 6 7 8 9 |  9.3
Fire Magic     | 1 3 4 5 |  5.0
Air Magic      | 2 4 5 7 |  7.0
Necromancy     | 7 13 15 17 18 | 18.2
Translocations | 2 3 4 |  4.5
Shields        | 8 9 |  9.2
Hexes          | 4 5 |  5.0
Long Blades    | 8 |  8.0

Action                     |  1- 3 |  4- 6 |  7- 9 | 10-12 | 13-15 | 16-18 || total
---------------------------+-------+-------+-------+-------+-------+-------++-------
  Melee: Dagger            |    19 |     1 |       |     2 |    14 |     1 ||    37
         Whip              |       |    33 |   122 |   402 |   822 |    35 ||  1414
         Punch             |       |       |     2 |     6 |     4 |       ||    12
         Glaive            |       |       |       |    14 |       |       ||    14
         War axe           |       |       |       |     1 |       |       ||     1
         Demon blade       |       |       |       |       |       |   192 ||   192
         Hand axe          |       |       |       |       |       |     9 ||     9
  Throw: Dart              |       |     3 |     6 |       |     1 |       ||    10
         Throwing net      |       |       |       |       |       |     2 ||     2
   Cast: Summon Small Mamm |    41 |    42 |    29 |    20 |     1 |       ||   133
         Call Imp          |    18 |    21 |    23 |    17 |    11 |       ||    90
         Call Canine Famil |     3 |    12 |    13 |    21 |    18 |       ||    67
         Summon Blazeheart |       |       |     8 |    66 |    54 |    10 ||   138
         Summon Lightning  |       |       |       |    48 |    63 |    18 ||   129
         Animate Dead      |       |       |       |     8 |    46 |    11 ||    65
         Fugue of the Fall |       |       |       |     7 |    69 |    23 ||    99
         Martyr's Knell    |       |       |       |     2 |    28 |    13 ||    43
         Anguish           |       |       |       |       |    17 |    50 ||    67
 Invoke: Unearth Wretches  |       |       |       |     1 |    14 |       ||    15
         Receive Forbidden |       |       |       |       |     1 |       ||     1
  Evoke: Wand              |       |       |     8 |    21 |    12 |     7 ||    48
         Phantom mirror    |       |       |       |       |     1 |     1 ||     2
    Use: Scroll            |       |    12 |     3 |    13 |    19 |     7 ||    54
         Potion            |       |       |     3 |     8 |    14 |    16 ||    41
   Stab: Distracted        |     1 |     1 |     3 |     3 |    14 |     5 ||    27
         Sleeping          |     4 |     3 |     3 |     6 |     5 |     3 ||    24
         Invisible         |       |       |     2 |       |    11 |       ||    13
         Paralysed         |       |       |       |     1 |    12 |       ||    13
 Armour: Robe              |    26 |    22 |    80 |       |       |       ||   128
         Steam dragon scal |       |       |    12 |   215 |       |       ||   227
         Troll leather arm |       |       |       |   341 |   794 |   240 ||  1375
  Dodge: Dodged            |    29 |    16 |   117 |   557 |   725 |   167 ||  1611
  Block: Other             |       |    10 |    26 |    72 |    41 |       ||   149
         Reflection        |       |       |       |     5 |    22 |    22 ||    49
         Kite shield       |       |       |       |       |   248 |       ||   248
         Buckler           |       |       |       |       |   235 |   192 ||   427
         Form:             |     1 |       |       |       |       |       ||     1
         Beast             |     1 |       |       |       |       |       ||     1
